[ AOE2 MATCH · #505272933 ]
UnrankedMagyars vs Aztecs
Player's team · LOSS
Rival team · WIN
[ REPLAY ANALYSIS · EXTRACTED FROM THE RECORDED GAME ]
Feudal
9:23
Castle
21:40
Imperial
—
| APM avg | 97.1 |
| APM peak | 148 |
| eAPM avg | 56.7 |
| Villagers / military | 95 / 58 |
Focus
⚔️ 68.1% · 🌾 31.9%
Skirmisher ×28 · Knight ×19 · Scout Cavalry ×8 · Battering Ram ×2 · Archer ×1
Feudal
11:29
Castle
20:26
Imperial
—
| APM avg | 68.6 |
| APM peak | 112 |
| eAPM avg | 26.4 |
| Villagers / military | 96 / 95 |
Focus
⚔️ 30.7% · 🌾 69.3%
Eagle Scout ×58 · Archer ×23 · Monk ×6 · Militia ×6 · Spearman ×2
Match map
Initial resources + every placement click. Lines = walls · curves = elevation contours. ◆ gold · ⬟ stone · ● berries · ✦ relic · ◌ wall gap
Your base· Open — 4t gap
EbolasRider's base· ✓ Closed at 20:26 · 40t walls · 1 gate(s)
Smoothed initial terrain · ◌ = detected wall gap · hover for details
Inputs per minute
— Kiddo - - EbolasRider
Build order — Kiddo
First 150 of 266 actions detected
| 0:01 | Create | Villager (Male) |
| 0:01 | Create | Villager (Male) |
| 0:01 | Research | Loom |
| 0:02 | Create | Villager (Male) |
| 0:02 | Create | Villager (Male) |
| 0:03 | Build | House |
| 0:04 | Build | House |
| 1:29 | Create | Villager (Male) |
| 2:01 | Create | Villager (Male) |
| 2:01 | Create | Villager (Male) |
| 2:18 | Create | Villager (Male) |
| 2:26 | Build | Lumber Camp |
| 3:04 | Create | Villager (Male) |
| 3:10 | Create | Villager (Male) |
| 3:10 | Create | Villager (Male) |
| 3:24 | Build | House |
| 3:27 | Build | House |
| 4:02 | Create | Villager (Male) |
| 4:13 | Create | Villager (Male) |
| 4:39 | Build | Mill |
| 4:45 | Create | Villager (Male) |
| 5:11 | Create | Villager (Male) |
| 5:31 | Create | Villager (Male) |
| 5:31 | Create | Villager (Male) |
| 6:45 | Create | Villager (Male) |
| 7:13 | Research | Feudal Age |
| 7:30 | Build | Palisade Wall |
| 7:32 | Build | Palisade Wall |
| 7:44 | Create | Villager (Male) |
| 7:49 | Build | Barracks |
| 7:50 | Build | Palisade Wall |
| 8:20 | Build | Palisade Wall |
| 8:28 | Build | Palisade Wall |
| 8:28 | Create | Villager (Male) |
| 8:30 | Build | Palisade Wall |
| 8:51 | Build | Palisade Wall |
| 8:53 | Build | Palisade Wall |
| 9:23 | Age | Feudal Age |
| 9:25 | Build | Stable |
| 9:45 | Build | Mill |
| 9:49 | Create | Villager (Male) |
| 10:04 | Research | Double-Bit Axe |
| 10:06 | Create | Scout Cavalry |
| 10:07 | Create | Scout Cavalry |
| 10:10 | Create | Villager (Male) |
| 10:12 | Build | House |
| 10:51 | Create | Villager (Male) |
| 10:51 | Create | Scout Cavalry |
| 11:09 | Build | House |
| 11:09 | Create | Villager (Male) |
| 11:17 | Create | Scout Cavalry |
| 11:43 | Create | Villager (Male) |
| 12:06 | Create | Villager (Male) |
| 12:07 | Build | Farm |
| 12:09 | Build | Farm |
| 12:10 | Build | Farm |
| 12:16 | Build | Farm |
| 12:25 | Create | Villager (Male) |
| 12:27 | Build | Farm |
| 12:34 | Build | Farm |
| 12:39 | Build | Palisade Wall |
| 12:41 | Build | Palisade Wall |
| 12:48 | Build | House |
| 12:49 | Build | Palisade Wall |
| 12:51 | Build | Palisade Wall |
| 12:55 | Create | Villager (Male) |
| 13:13 | Create | Villager (Male) |
| 13:15 | Build | Farm |
| 13:17 | Build | House |
| 13:20 | Build | House |
| 13:21 | Build | Palisade Wall |
| 13:39 | Build | Palisade Wall |
| 13:42 | Build | Palisade Wall |
| 13:44 | Create | Villager (Male) |
| 13:58 | Build | Archery Range |
| 14:07 | Create | Villager (Male) |
| 14:15 | Create | Scout Cavalry |
| 14:24 | Build | Farm |
| 14:29 | Create | Villager (Male) |
| 14:30 | Build | Farm |
| 14:36 | Create | Scout Cavalry |
| 14:43 | Create | Skirmisher |
| 14:43 | Create | Skirmisher |
| 14:50 | Create | Villager (Male) |
| 14:56 | Build | Farm |
| 15:03 | Build | Palisade Wall |
| 15:09 | Build | Farm |
| 15:25 | Build | Farm |
| 15:25 | Create | Villager (Male) |
| 15:29 | Create | Scout Cavalry |
| 15:44 | Create | Scout Cavalry |
| 15:50 | Create | Skirmisher |
| 15:52 | Build | Farm |
| 15:53 | Build | Farm |
| 15:56 | Create | Villager (Male) |
| 16:07 | Research | Horse Collar |
| 16:18 | Build | House |
| 16:27 | Create | Villager (Male) |
| 16:33 | Build | Farm |
| 16:44 | Create | Villager (Male) |
| 16:46 | Build | House |
| 17:01 | Build | Mining Camp |
| 17:16 | Create | Villager (Male) |
| 17:22 | Create | Villager (Male) |
| 17:42 | Build | Market |
| 17:50 | Build | Palisade Wall |
| 17:56 | Create | Villager (Male) |
| 18:27 | Create | Villager (Male) |
| 19:00 | Research | Castle Age |
| 19:03 | Create | Archer |
| 19:06 | Build | Archery Range |
| 19:18 | Create | Skirmisher |
| 19:32 | Build | House |
| 19:48 | Build | Blacksmith |
| 19:49 | Create | Skirmisher |
| 19:52 | Build | House |
| 19:53 | Build | Palisade Wall |
| 19:56 | Create | Skirmisher |
| 20:00 | Create | Skirmisher |
| 20:24 | Create | Skirmisher |
| 20:24 | Create | Skirmisher |
| 20:39 | Research | Fletching |
| 20:39 | Research | Padded Archer Armor |
| 20:44 | Create | Skirmisher |
| 20:49 | Build | House |
| 21:03 | Create | Skirmisher |
| 21:08 | Create | Skirmisher |
| 21:11 | Create | Villager (Male) |
| 21:22 | Build | House |
| 21:28 | Create | Skirmisher |
| 21:39 | Create | Villager (Male) |
| 21:40 | Age | Castle Age |
| 21:42 | Create | Knight |
| 21:43 | Create | Knight |
| 21:49 | Research | Bodkin Arrow |
| 22:00 | Research | Elite Skirmisher (upgrade) |
| 22:02 | Create | Knight |
| 22:03 | Create | Villager (Male) |
| 22:15 | Create | Villager (Male) |
| 22:44 | Create | Villager (Male) |
| 23:02 | Create | Knight |
| 23:02 | Create | Knight |
| 23:17 | Create | Villager (Male) |
| 23:23 | Create | Villager (Male) |
| 23:33 | Create | Villager (Male) |
| 23:41 | Build | House |
| 23:44 | Create | Villager (Male) |
| 23:50 | Create | Knight |
| 24:01 | Create | Villager (Male) |
| 24:05 | Build | Town Center |
Build order — EbolasRider
First 150 of 332 actions detected
| 0:00 | Create | Villager (Male) |
| 0:01 | Create | Villager (Male) |
| 0:02 | Build | House |
| 0:03 | Build | House |
| 0:08 | Create | Villager (Male) |
| 0:09 | Create | Villager (Male) |
| 1:24 | Create | Villager (Male) |
| 1:53 | Build | Lumber Camp |
| 2:03 | Create | Villager (Male) |
| 2:03 | Create | Villager (Male) |
| 2:52 | Create | Villager (Male) |
| 2:59 | Create | Villager (Male) |
| 3:27 | Create | Villager (Male) |
| 3:47 | Create | Villager (Male) |
| 3:51 | Build | House |
| 4:32 | Create | Villager (Male) |
| 4:41 | Build | Barracks |
| 4:53 | Create | Villager (Male) |
| 5:04 | Build | House |
| 5:17 | Create | Villager (Male) |
| 5:19 | Create | Villager (Male) |
| 5:35 | Create | Villager (Male) |
| 5:39 | Create | Militia |
| 5:39 | Create | Militia |
| 5:54 | Create | Militia |
| 6:10 | Build | House |
| 6:24 | Create | Militia |
| 6:24 | Create | Militia |
| 6:43 | Build | House |
| 6:45 | Create | Villager (Male) |
| 6:46 | Create | Villager (Male) |
| 6:52 | Build | Mill |
| 7:06 | Create | Villager (Male) |
| 7:15 | Create | Villager (Male) |
| 7:36 | Create | Villager (Male) |
| 7:43 | Build | Farm |
| 7:45 | Build | Farm |
| 7:47 | Research | Loom |
| 7:56 | Create | Villager (Male) |
| 8:37 | Create | Villager (Male) |
| 8:40 | Build | Farm |
| 9:00 | Build | Palisade Wall |
| 9:10 | Build | Mill |
| 9:19 | Research | Feudal Age |
| 9:27 | Build | Palisade Wall |
| 9:52 | Build | Palisade Wall |
| 9:59 | Build | Palisade Wall |
| 10:01 | Build | Palisade Wall |
| 10:11 | Build | Palisade Wall |
| 10:33 | Build | Mining Camp |
| 10:51 | Create | Militia |
| 11:18 | Build | Palisade Wall |
| 11:29 | Age | Feudal Age |
| 11:31 | Create | Villager (Male) |
| 11:40 | Create | Villager (Male) |
| 11:41 | Research | Double-Bit Axe |
| 11:47 | Build | Farm |
| 11:51 | Create | Villager (Male) |
| 11:57 | Create | Spearman |
| 12:07 | Build | House |
| 12:21 | Build | Archery Range |
| 12:31 | Create | Villager (Male) |
| 12:32 | Create | Spearman |
| 12:52 | Create | Eagle Scout |
| 12:53 | Create | Villager (Male) |
| 13:11 | Create | Archer |
| 13:17 | Build | Palisade Gate |
| 13:21 | Create | Villager (Male) |
| 13:27 | Build | Farm |
| 13:29 | Create | Villager (Male) |
| 13:32 | Create | Archer |
| 13:43 | Create | Villager (Male) |
| 13:44 | Create | Archer |
| 13:51 | Build | Farm |
| 13:57 | Create | Villager (Male) |
| 14:02 | Build | Farm |
| 14:16 | Create | Eagle Scout |
| 14:22 | Build | House |
| 14:26 | Create | Villager (Male) |
| 14:37 | Create | Villager (Male) |
| 14:45 | Build | House |
| 14:49 | Build | Farm |
| 14:52 | Create | Archer |
| 15:01 | Build | House |
| 15:03 | Build | House |
| 15:15 | Build | Farm |
| 15:27 | Create | Villager (Male) |
| 15:48 | Build | Blacksmith |
| 15:56 | Build | Farm |
| 16:11 | Build | Farm |
| 16:16 | Create | Villager (Male) |
| 16:18 | Create | Eagle Scout |
| 16:21 | Create | Archer |
| 16:23 | Create | Villager (Male) |
| 16:35 | Build | House |
| 16:42 | Create | Eagle Scout |
| 16:44 | Create | Archer |
| 16:47 | Create | Villager (Male) |
| 16:53 | Build | Farm |
| 17:25 | Build | Farm |
| 17:30 | Build | Lumber Camp |
| 17:33 | Create | Archer |
| 17:43 | Create | Eagle Scout |
| 17:44 | Research | Castle Age |
| 17:44 | Research | Castle Age |
| 17:48 | Build | Farm |
| 17:58 | Build | House |
| 18:03 | Create | Archer |
| 18:04 | Research | Fletching |
| 18:20 | Research | Horse Collar |
| 18:20 | Research | Horse Collar |
| 18:34 | Create | Archer |
| 18:35 | Create | Eagle Scout |
| 18:37 | Research | Padded Archer Armor |
| 18:41 | Build | Farm |
| 18:45 | Build | Farm |
| 18:47 | Create | Archer |
| 18:51 | Research | Scale Mail Armor |
| 18:54 | Create | Archer |
| 19:17 | Create | Eagle Scout |
| 19:19 | Create | Archer |
| 19:27 | Build | Mining Camp |
| 19:28 | Research | Gold Mining |
| 19:55 | Create | Archer |
| 20:22 | Build | Farm |
| 20:26 | Age | Castle Age |
| 20:30 | Create | Villager (Male) |
| 20:33 | Research | Crossbowman (upgrade) |
| 20:44 | Build | Farm |
| 20:46 | Research | Bodkin Arrow |
| 21:01 | Create | Villager (Male) |
| 21:07 | Create | Villager (Male) |
| 21:08 | Create | Archer |
| 21:18 | Build | Town Center |
| 21:31 | Create | Archer |
| 21:43 | Create | Villager (Male) |
| 21:48 | Build | Monastery |
| 21:52 | Research | Padded Archer Armor |
| 21:54 | Build | Farm |
| 21:56 | Create | Archer |
| 21:56 | Create | Archer |
| 21:56 | Create | Archer |
| 22:17 | Create | Villager (Male) |
| 22:19 | Create | Archer |
| 22:33 | Create | Monk |
| 22:33 | Build | Farm |
| 22:37 | Create | Villager (Male) |
| 22:39 | Create | Archer |
| 22:50 | Create | Villager (Male) |
| 22:52 | Create | Monk |
Match timeline
| 4:41 | EbolasRider · first_building Barracks |
| 7:30 | Kiddo · wall_segment Palisade Wall x5 |
| 7:32 | Kiddo · wall_segment Palisade Wall x7 |
| 7:49 | Kiddo · first_building Barracks |
| 7:50 | Kiddo · wall_segment Palisade Wall x1 |
| 8:20 | Kiddo · wall_segment Palisade Wall x1 |
| 8:28 | Kiddo · wall_segment Palisade Wall x1 |
| 8:30 | Kiddo · wall_segment Palisade Wall x1 |
| 8:51 | Kiddo · wall_segment Palisade Wall x1 |
| 8:53 | Kiddo · wall_segment Palisade Wall x1 |
| 9:00 | EbolasRider · wall_segment Palisade Wall x1 |
| 9:23 | Kiddo · age_up feudal |
| 9:25 | Kiddo · first_building Stable |
| 9:27 | EbolasRider · wall_segment Palisade Wall x15 |
| 9:52 | EbolasRider · wall_segment Palisade Wall x7 |
| 9:59 | EbolasRider · wall_segment Palisade Wall x4 |
| 10:01 | EbolasRider · wall_segment Palisade Wall x3 |
| 10:11 | EbolasRider · wall_segment Palisade Wall x9 |
| 11:18 | EbolasRider · wall_segment Palisade Wall x5 |
| 11:29 | EbolasRider · age_up feudal |
| 12:21 | EbolasRider · first_building Archery Range |
| 12:39 | Kiddo · wall_segment Palisade Wall x8 |
| 12:41 | Kiddo · wall_segment Palisade Wall x2 |
| 12:49 | Kiddo · wall_segment Palisade Wall x7 |
| 12:51 | Kiddo · wall_segment Palisade Wall x3 |
| 13:21 | Kiddo · wall_segment Palisade Wall x1 |
| 13:39 | Kiddo · wall_segment Palisade Wall x1 |
| 13:42 | Kiddo · wall_segment Palisade Wall x3 |
| 13:58 | Kiddo · first_building Archery Range |
| 15:03 | Kiddo · wall_segment Palisade Wall x1 |
| 17:50 | Kiddo · wall_segment Palisade Wall x1 |
| 18:33 | Kiddo · first_market_sell 100 wood |
| 18:34 | Kiddo · first_market_buy 100 food |
| 19:53 | Kiddo · wall_segment Palisade Wall x10 |
| 20:26 | EbolasRider · age_up castle |
| 21:40 | Kiddo · age_up castle |
| 21:48 | EbolasRider · first_building Monastery |
| 27:54 | Kiddo · first_building Siege Workshop |
| 32:56 | Kiddo · resign |
[ AI ANALYSIS · 1 CREDIT ]
What really happened in this match?
Wolo.gg analyzes every decision: build order, eco, micro, common mistakes by bracket. Personalized analysis on WhatsApp or Discord in 30 seconds.
Civ guide
Magyars
Perfil
Jugador #3373281